 Dungeon Crawl Stone Soup version 0.17-a0-848-g7e5c6af (webtiles) character file.

345 RobertPalmer the Slicer (level 6, -3/35 HPs)
             Began as a Kobold Hunter on Apr 28, 2015.
             Was an Initiate of Okawaru.
             Killed by divine providence
             ... invoked by an orc priest
              (16 damage)
             ... on level 3 of the Dungeon.
             The game lasted 00:07:46 (5450 turns).

RobertPalmer the Slicer (Kobold Hunter)             Turns: 5450, Time: 00:07:47

Health: -3/35      AC: 10    Str: 10    XL:     6   Next: 89%
Magic:  6/6        EV: 15    Int: 15    God:    Okawaru [......]
Gold:   139        SH:  0    Dex: 17    Spells: 0 memorised, 5 levels left

rFire  . . .     SeeInvis .     a - +1 dagger (venom)
rCold  . . .     Clarity  .     d - +1 leather armour
rNeg   . . .     SustAb   .     (shield restricted)
rPois  .         Gourm    .     (no helmet)
rElec  .         Spirit   .     (no cloak)
rCorr  .         Warding  .     (no gloves)
rMut   .         Stasis   .     s - +0 pair of boots
MR     .....                    (no amulet)
Stlth  ++........               r - +4 ring of intelligence
                                n - +5 ring of protection

@: not resistant to hostile enchantments, unstealthy
A: carnivore 3
a: Renounce Religion


You were on level 3 of the Dungeon.
You worshipped Okawaru.
Okawaru was noncommittal.
You were very full.

You visited 2 branches of the dungeon, and saw 5 of its levels.

You collected 139 gold pieces.

Inventory:

Hand weapons
 a - a +1 dagger of venom (weapon)
   (You took it off an orc wizard on level 3 of the Dungeon)
 b - a +1 hand crossbow
 t - a +2 dagger of speed
   (You found it on level 3 of the Dungeon)
Missiles
 c - 36 bolts
 l - 4 bolts of frost
Armour
 d - a +1 leather armour (worn)
 s - a +0 pair of boots (worn)
   (You found it on level 3 of the Dungeon)
Jewellery
 h - a +3 ring of evasion {unknown}
   (You found it on level 1 of the Dungeon)
 n - a +5 ring of protection (left hand)
   (You found it on level 2 of the Dungeon)
 q - an uncursed ring of protection from cold {unknown}
   (You found it on level 2 of the Dungeon)
 r - a +4 ring of intelligence (right hand)
   (You found it on level 2 of the Dungeon)
Magical devices
 f - a wand of magic darts (32)
   (You found it on level 3 of the Dungeon)
Scrolls
 g - 2 scrolls of remove curse
 j - a scroll of teleportation
Potions
 i - a potion of poison {unknown}
 k - a potion of agility
 m - a potion of brilliance
 p - a potion of curing
Books
 v - a book of the Warp
   (You found it on level 3 of the Dungeon)
Comestibles
 e - 3 meat rations {@e2}
 u - a royal jelly


   Skills:
 - Level 2.1 Fighting
 + Level 8.4 Short Blades
 - Level 4.8 Crossbows
 - Level 2.4 Dodging
 - Level 1.3 Stealth


You had 5 spell levels left.
You didn't know any spells.

Dungeon Overview and Level Annotations

Branches:
Dungeon (4/15)             Temple (1/1) D:4

Altars:
Ashenzari
Elyvilon
Fedhas
Gozag
Kikubaaqudgha
Nemelex Xobeh
Okawaru
Qazlal
Sif Muna
Trog
Vehumet
Yredelemnul
The Shining One


Innate Abilities, Weirdness & Mutations

You are small and have problems with some larger weapons.
You are carnivorous and can eat meat at any time.


Message History

An orc wizard is nearby!
An orc wizard is nearby!
An orc wizard is nearby!
You close the door.
Something unseen opens the door.
Something tries to affect you, but you resist.
Health restored: 35
There is an open door here.
A puff of flame appears from out of thin air!
The puff of flame misses you.
There is an open door here.
There is an open door here.
You open the door.
There is an open door here.
You close the door.
You start waiting.
Something unseen opens the door.
The orc wizard hits you but does no damage.
There is an open door here.
You hit the orc wizard.
The orc wizard is poisoned.
You hit the orc wizard.
The orc wizard looks even sicker.
The orc wizard points at you and mumbles some strange words.
You are confused.
You miss the orc wizard.
You kill the orc wizard!
Okawaru accepts your kill.
You start waiting.
You feel less confused.
Unknown command.
Items here: ( ) [ † a dagger; a robe; 22 stones; an orc corpse You open the door.
There is an open door here.
An orc wizard is nearby!
An orc wizard is nearby!
An orc wizard is nearby!
Your +1 dagger of venom stops dripping with poison.
b - a +1 hand crossbow (weapon)
Aim: an orc wizard, wielding a dagger and wearing a robe (hasn't noticed you)
You shoot a bolt. The orc wizard shouts!
The bolt hits the orc wizard.
An orc priest comes into view. It is wielding a hand axe.
Aim: an orc wizard, wielding a dagger and wearing a robe (moderately wounded)
You shoot a bolt. The bolt barely misses the orc wizard.
The orc priest shouts!
Aim: an orc wizard, wielding a dagger and wearing a robe (moderately wounded)
You shoot a bolt. The bolt barely misses the orc wizard.
The orc wizard casts a spell.
The orc wizard flickers and vanishes! 2 orc wizards come into view.
Aim: an orc priest, wielding a hand axe You shoot a bolt.
The orc wizard shouts! x2
The bolt hits the orc priest but does no damage.
The orc wizard gestures wildly while chanting.
The orc wizard flickers and vanishes!
The orc priest glows brightly for a moment.
A magic dart appears from out of thin air!
The magic dart hits you!
The orc priest prays to Beogh.
You feel troubled.
Items here: ( ) [ † a dagger; a robe; 22 stones; an orc corpse You take 7 damage, and have 28/35 hp.
There is an open door here.
The orc wizard mumbles some strange words.
The orc wizard flickers and vanishes!
Something closely misses you.
The orc priest calls down the wrath of Beogh upon you.
Something smites you!
You take 8 damage, and have 20/35 hp.
MASSIVE DAMAGE!!
You hear some strange, mumbled words.
A puff of flame appears from out of thin air!
The puff of flame hits you!
You hear some strange, mumbled words.
A puff of flame appears from out of thin air!
The puff of flame hits you!
There is a stone staircase leading up here.
You take 6 damage, and have 14/35 hp.
The orc priest misses you.
You climb upwards.
There is a stone staircase leading down here.
It begins to drip with poison!
a - a +1 dagger of venom (weapon)
The orc priest hits you with a hand axe.
You take 1 damage, and have 13/35 hp.
You barely miss the orc priest. You barely miss the orc priest.
The orc priest closely misses you.
You hit the orc priest. You closely miss the orc priest.
The orc priest completely misses you.
You hit the orc priest. You barely miss the orc priest.
The orc priest hits you but does no damage.
You hit the orc priest but do no damage.
The orc priest is poisoned.
You hit the orc priest.
The orc priest looks even sicker.
The orc priest calls down the wrath of Beogh upon you.
Something smites you!
You die...

#.# #.# #÷# #.#
##### #.# #....
#.######....
#.##........
#######.##.....(..
#@.......'........
#o#####)##........
#.# #[##.[..####
#.#####.##########
#.................
#.#####)##########
#.# #.# #.# #.#
#.# #.##########


You could see an orc priest.

Vanquished Creatures
  A hound (D:4)
  An iguana (D:4)
  2 orc wizards
  2 worker ants (D:4)
  7 adders
  3 gnolls (D:3)
  An ooze (D:1)
  4 worms
  A giant gecko (D:3)
  3 orcs
  8 bats
  A bat skeleton (D:4)
  6 giant cockroaches
  12 hobgoblins
  9 jackals
  3 giant newts
  14 goblins
  9 kobolds
  A quokka (D:3)
  8 rats
96 creatures vanquished.

Notes
Turn   | Place    | Note
--------------------------------------------------------------
     0 | D:1      | RobertPalmer, the Kobold Hunter, began the quest for the Orb.
     0 | D:1      | Reached XP level 1. HP: 12/12 MP: 1/1
   191 | D:1      | Reached skill level 1 in Short Blades
   430 | D:1      | Reached skill level 2 in Short Blades
   430 | D:1      | Reached XP level 2. HP: 8/17 MP: 2/2
   739 | D:1      | Reached skill level 3 in Short Blades
  1303 | D:1      | Reached XP level 3. HP: 18/21 MP: 3/3
  1792 | D:2      | Found a stormy altar of Qazlal.
  1831 | D:2      | Reached skill level 4 in Short Blades
  1835 | D:2      | Reached XP level 4. HP: 21/26 MP: 4/4
  2151 | D:2      | Reached skill level 5 in Short Blades
  2491 | D:2      | Reached XP level 5. HP: 30/30 MP: 5/5
  2953 | D:3      | Reached skill level 6 in Short Blades
  2963 | D:3      | HP: 7/30 [poisoned by an orc wizard]
  2968 | D:3      | HP: 5/30 [poisoned by an orc wizard]
  2973 | D:3      | HP: 3/30 [poisoned by an orc wizard]
  2980 | D:3      | HP: 2/30 [poisoned by an orc wizard]
  2988 | D:3      | HP: 1/30 [poisoned by an orc wizard]
  4118 | D:3      | Reached XP level 6. HP: 31/35 MP: 6/6
  4230 | D:3      | Reached skill level 7 in Short Blades
  4932 | D:4      | Found a staircase to the Ecumenical Temple.
  4943 | Temple   | Entered the Ecumenical Temple
  4974 | Temple   | Became a worshipper of Warmaster Okawaru
  5265 | D:4      | Reached skill level 8 in Short Blades
  5450 | D:3      | Killed from afar by an orc priest

Action                   |  1- 3 |  4- 6 || total
-------------------------+-------+-------++-------
Melee: Short sword       |   100 |   125 ||   225
       Dagger            |       |   135 ||   135
 Fire: Hand crossbow     |    11 |    20 ||    31
  Use: Scroll            |       |     7 ||     7
       Potion            |       |     6 ||     6
 Stab: Sleeping          |     1 |     2 ||     3
  Eat: Chunk             |    11 |     7 ||    18
       Meat ration       |       |     1 ||     1

Vault maps used:
D:1:      lemuel_arrival_muddy, roderic_serpentine_path
D:2:      serial_park_square1, first_bread, grunt_decor_resistance,
          hangedman_feature_mirror, nicolae_qazlal_eye_of_the_storm
D:4:      minmay_temple_entry_statues, uniq_sigmund
Temple:   eino_wide_crystal_templ_15

Table legend:
 A = Turns spent in this place as a percentage of turns spent in the entire game.
 B = Non-inter-level travel turns spent in this place as a percentage of non-inter-level travel turns spent in the entire game.
 C = Inter-level travel turns spent in this place as a percentage of turns spent in this place.
 D = Turns resting spent in this place as a percentage of non-inter-level travel turns spent in this place.
 E = Turns spent auto-exploring this place as a percentage of non-inter-level travel turns spent in this place.
 F = Non-inter-level travel turns spent in this place divided by the number of levels of this place that you've seen.
                   A       B       C       D       E      F
               +-------+-------+-------+-------+-------+----------------------
         Total | 100.0 | 100.0 |   0.3 |   3.6 |   8.3 | 286.0
       Dungeon |  97.7 |  97.8 |   0.3 |   3.6 |   8.4 | 349.5
        Temple |   2.3 |   2.2 |   3.0 |   0.0 |   0.0 |  32.0
               +-------+-------+-------+-------+-------+----------------------

Table legend:
 A = Kills in this place as a percentage of kills in entire the game.
 B = Kills by you in this place as a percentage of kills by you in the entire game.
 C = Kills by friends in this place as a percentage of kills by friends in the entire game.
 D = Other kills in this place as a percentage of other kills in the entire game.
 E = Experience gained in this place as a percentage of experience gained in the entire game.
 F = Experience gained in this place divided by the number of levels of this place that you have seen.
                   A       B       C       D       E      F
               +-------+-------+-------+-------+-------+----------------------
         Total | 100.0 | 100.0 |  -nan |  -nan | 100.0 |  98.6
       Dungeon | 100.0 | 100.0 |  -nan |  -nan | 100.0 | 123.2
               +-------+-------+-------+-------+-------+----------------------
